 Dungeon Crawl Stone Soup version 0.31-a0-1363-g282adc679d (webtiles) character file.

Game seed: 8440946230983566409

137262 Colgate the Imperceptible (level 17, -6/114 HPs)
             Began as a Kobold Brigand on Dec 19, 2023.
             Was the Champion of Wu Jian.
             Killed from afar by a thorn hunter (19 damage)
             ... with a volley of thorns
             ... on level 3 of the Swamp on Dec 24, 2023.
             The game lasted 02:50:51 (36615 turns).

Colgate the Imperceptible (Kobold Brigand)         Turns: 36615, Time: 02:50:51

Health: -6/114     AC: 15    Str:  9    XL:     17   Next: 82%
Magic:  17/17      EV: 22    Int: 17    God:    Wu Jian [******]
Gold:   1064       SH:  7    Dex: 23    Spells: 16/16 levels left

rFire   + . .        E - +3 dagger (distort)
rCold   + . .        l - +0 buckler
rNeg    . . .        v - +0 acid dragon scales
rPois   +            m - +2 helmet "Egauqadulu" {Int+4}
rElec   +            c - +2 cloak
rCorr   +            u - +0 pair of gloves
SInv    .            k - +0 pair of boots
Will    ++...        D - amulet of faith
Stlth   +++++        R - ring of willpower
HPRegen 0.39/turn    C - +4 ring of slaying
MPRegen 0.15/turn

%: faith
@: resistant, invisible, very slow
A: small, no large weapons, nightstalker 3
a: Renounce Religion, Wall Jump, Serpent's Lash, Heavenly Storm


You were on level 3 of the Swamp.
You worshipped Wu Jian.
Wu Jian was exalted by your worship.
You visited 5 branches of the dungeon, and saw 26 of its levels.
You also visited: Bailey and Gauntlet.

You collected 2349 gold pieces.
You spent 1285 gold pieces at shops.

Inventory:

Hand Weapons
 E - a +3 dagger of distortion (weapon)
Missiles
 d - 57 poisoned darts (quivered)
 t - 28 boomerangs
 F - a throwing net {!f}
 W - 3 curare-tipped darts
Armour
 c - a +2 cloak (worn)
 k - a +0 pair of boots (worn)
 l - a +0 buckler (worn)
 m - the +2 helmet "Egauqadulu" (worn) {Int+4}
   (You found it on level 13 of the Dungeon)

   Int+4:     It affects your intelligence (+4).
 u - a +0 pair of gloves (worn)
 v - +0 acid dragon scales (worn)
Jewellery
 b - a ring of positive energy
 h - a ring of see invisible
 i - an amulet of the acrobat
 p - a ring of protection from fire
 C - a +4 ring of slaying (right hand)
 D - an amulet of faith (around neck)
 R - a ring of willpower (left hand)
 U - a ring of ice
Wands
 o - a wand of paralysis (5)
 r - a wand of mindburst (14)
 x - a wand of flame (29)
 B - a wand of iceblast (49) {@v2}
 I - a wand of acid (8) {@v1}
 N - a wand of polymorph (13)
Scrolls
 e - 4 scrolls of poison
 f - 19 scrolls of teleportation {@r3}
 j - 6 scrolls of fear
 n - 3 scrolls of blinking {@r4}
 G - 6 scrolls of immolation
 O - 5 scrolls of fog
 Q - 2 scrolls of revelation
 S - 2 scrolls of summoning
 T - 3 scrolls of vulnerability
Potions
 g - 3 potions of haste {@q4}
 w - 8 potions of heal wounds {@q2}
 z - 4 potions of might {@q3}
 A - 3 potions of enlightenment
 H - 4 potions of cancellation
 K - a potion of invisibility
 L - 3 potions of attraction
 M - a potion of resistance {@q5}
 P - 8 potions of curing {@q1}
 V - 2 potions of berserk rage
 X - 2 potions of lignification
 Z - 5 potions of mutation
Miscellaneous
 a - a tin of tremorstones (2/2)
 q - a phial of floods
 s - a sack of spiders
 Y - a phantom mirror


   Skills:
 + Level 15.7 Fighting
 - Level 10.0 Short Blades
 - Level 19.0 Throwing
 - Level 2.2 Armour
 - Level 11.0 Dodging
 - Level 23.0 Stealth
 - Level 5.7 Shields
 - Level 10.0 Evocations


You had 16 spell levels left.
You didn't know any spells.
Your spell library contained the following spells:

 Spells                   Type           Power      Damage    Failure   Level
 Apportation              Tloc           0%         N/A       50%         1
 Necrotise                Necr           0%         1d4       50%         1
 Summon Small Mammal      Summ           0%         N/A       50%         1
 Blink                    Tloc           0%         N/A       63%         2
 Cigotuvi's Dreadful Rot  Necr/Alch/Air  0%         N/A       63%         2
 Lesser Beckoning         Tloc           0%         N/A       63%         2
 Momentum Strike          Conj/Tloc      0%         3d8       63%         2
 Passwall                 Alch/Erth      0%         N/A       63%         2
 Scorch                   Fire           0%         2d5       63%         2
 Confusing Touch          Hex            0%         N/A       86%         3
 Fugue of the Fallen      Necr           0%         N/A       86%         3
 Mephitic Cloud           Conj/Alch/Air  0%         N/A       86%         3
 Summon Guardian Golem    Hex/Summ       0%         N/A       86%         3
 Brom's Barrelling Bould  Conj/Erth      0%         2d3       99%         4
 Dispel Undead            Necr           0%         3d6       99%         4
 Flame Wave               Conj/Fire      0%         2d4       99%         4
 Vhi's Electric Charge    Tloc/Air       0%         N/A       99%         4
 Arcjolt                  Conj/Air       0%         1d10      100%        5
 Irradiate                Conj/Alch      0%         3d11      100%        5
 Summon Forest            Summ/Tloc      0%         N/A       100%        5
 Summon Mana Viper        Hex/Summ       0%         N/A       100%        5
 Death Channel            Necr           0%         N/A       100%        6
 Summon Cactus Giant      Summ           0%         N/A       100%        6
 Orb of Destruction       Conj           0%         9d5       100%        7
 Spellforged Servitor     Conj/Summ      0%         N/A       100%        7
 Maxwell's Capacitive Co  Air            0%         ∞         100%        8


Dungeon Overview and Level Annotations

Branches:
Dungeon (15/15)            Temple (1/1) D:6            Lair (5/5) D:10
  Swamp (3/4) Lair:2       Spider (0/4) Lair:3        Slime (0/5) Lair:5
    Orc (2/2) D:12            Elf (0/3) Orc:2        Vaults (0/5) D:14
 Depths (0/4) D:15         Bailey (visited)         Gauntlet (visited)

Altars:
Ashenzari
Cheibriados
Dithmenos
Elyvilon
Fedhas
Gozag
Hepliaklqana
Kikubaaqudgha
Makhleb
Nemelex Xobeh
Okawaru
Qazlal
Ru
Sif Muna
Trog
Uskayaw
Vehumet
Wu Jian
Xom
Yredelemnul
Zin
The Shining One

Shops:
D:9 *   Orc:1 =   Orc:2 *[!:[

Portals:
Pandemonium: Orc:2
Trove: D:11 (give +6 demon whip)


Innate Abilities, Weirdness & Mutations

You are small and have problems with some larger weapons.
You are completely attuned to the shadows.


Message History

A fenstrider witch bone magically twists into a wand of mindburst (18).
The ghost crab breathes spectral mist at you.
The spectral mist engulfs you.
You hear a hideous shriek!
You feel much better.
You are engulfed in spectral mist.
* * * LOW HITPOINT WARNING * * *
You feel very sick.
A bunyip comes into view.
The ghost crab breathes spectral mist at you.
The spectral mist engulfs you.
You feel better.
You are engulfed in spectral mist.
* * * LOW HITPOINT WARNING * * *
The thorn hunter is engulfed in spectral mist.
The thorn hunter hits you!
* * * LOW HITPOINT WARNING * * *
The thorn hunter hits you but does no damage.
The ghost crab breathes spectral mist at you.
The spectral mist engulfs you.
You fade into invisibility!
You are engulfed in spectral mist.
A bunyip comes into view.
The thorn hunter is engulfed in spectral mist.
The thorn hunter barely misses you.
The thorn hunter hits you but does no damage.
The bunyip howls a warning cry!
The ghost crab breathes spectral mist at you.
The spectral mist engulfs you.
You hear a shout! x2
You feel protected.
You are engulfed in spectral mist.
* * * LOW HITPOINT WARNING * * *
The thorn hunter is engulfed in spectral mist.
The thorn hunter misses you. The thorn hunter closely misses you.
The ghost crab breathes spectral mist at you.
The spectral mist engulfs you.
You block the spectral spriggan berserker's attack.
The thorn hunter is engulfed in spectral mist.
The thorn hunter fires a volley of thorns at you.
The volley of thorns hits you!!
You die...

~~~~~.♣♣
~~~~~.~♣
♣.~~~.♣♣
♣~~~~~.♣♣
..~~~~.♣
....~§♣♣
♣♣♣☼§§§♣
♣.○○§☼♣♣♣
♣~Z○@tx~~~
♣§~°fZ.♣..
.~~○~(~/♣♣
~§~~x~...
~~~~~~~..


You could see a thorn hunter, 2 bunyips, a ghost crab, a spectral snapping
turtle (summoned) and a spectral spriggan berserker (summoned).

Vanquished Creatures
  Rupert (D:12)
  Kirke (D:13)
  Louise (D:14)
  An orc warlord (Orc:2)
  An eleionoma (Lair:2)
  A bunyip (Swamp:1)
  A minotaur (Gauntlet)
  The ghost of TheSeeker391 the Severer, a journeyman HOFi of Okawaru (Orc:2)
  Snorg (Orc:2)
  Josephine (D:14)
  A fire dragon (D:12)
  Fannar (D:12)
  7 vault guards
  A rakshasa (D:13)
  An ice dragon (Lair:5)
  4 alligators
  4 centaur warriors
  2 ogre magi
  Erica (D:8)
  A catoblepas (D:13)
  5 boulder beetles
  9 two-headed ogres
  5 death yaks (Lair:5)
  A hell hog (Lair:5)
  A vampire mage (D:15)
  5 orc high priests (Orc:2)
  Nergalle (Lair:1)
  A deep elf knight (D:12)
  6 skeletal warriors
  A spriggan (Swamp:1)
  A storm dragon zombie (D:15)
  A fire crab (Gauntlet)
  2 bog bodies (Swamp:1)
  A goliath frog (Swamp:1)
  An obsidian statue (Gauntlet)
  A storm dragon skeleton (D:15)
  Pikel (D:4)
  An arcanist (D:14)
  8 orc knights
  2 lindwurms (Lair:5)
  A wolf spider (Lair:3)
  4 deep elf pyromancers
  A deep elf zephyrmancer (D:12)
  5 orc sorcerers
  A necromancer (D:15)
  A will-o-the-wisp (Swamp:3)
  2 manticores
  7 ugly things
  A salamander (D:11)
  A kobold blastminer (Orc:2)
  7 cyclopes
  An elephant (shapeshifter) (D:15)
  6 elephants
  3 black mambas
  5 torpor snails (Lair:5)
  2 gargoyles
  Jeremiah (D:8)
  Maggie (D:8)
  An orange demon (Orc:2)
  4 cane toads
  8 komodo dragons
  A kobold demonologist (D:12)
  4 rime drakes
  2 ice devils (Orc:2)
  4 trolls
  Psyche (D:8)
  3 meliai (D:15)
  7 tyrant leeches
  2 bloated husks
  8 polar bears (Lair:5)
  Grinder (D:4)
  8 hornets
  A tarantella (Lair:3)
  13 blink frogs
  12 dream sheep
  A dream sheep (shapeshifter) (D:12)
  15 slime creatures
  A ynoxinul (Orc:2)
  A shadow (D:11)
  4 wraiths
  A centaur simulacrum (D:12)
  A basilisk (Lair:2)
  A water elemental (D:14)
  4 humans (D:14)
  7 hogs (D:13)
  A wyvern (D:7)
  26 yaks
  A spriggan skeleton (D:15)
  2 fire bats (Gauntlet)
  A steam dragon (D:10)
  9 wargs
  12 vampire mosquitoes
  11 swamp worms
  2 acid dragons
  14 hell hounds (Lair:5)
  9 water moccasins
  3 ice beasts
  12 black bears
  28 orc warriors
  10 ogres
  7 centaurs
  19 wolves
  A phantom (D:5)
  12 bullfrogs
  2 lemures (D:4)
  2 kobold brigands (D:12)
  2 gnoll sergeants (D:10)
  A scorpion (D:7)
  6 wights
  21 killer bees
  3 electric eels (D:14)
  3 howler monkeys (D:7)
  2 hounds
  13 jellies
  20 orc priests
  2 gnoll boudas
  3 iguanas
  22 orc wizards
  2 lightning spires (Gauntlet)
  29 gnolls
  4 adders
  2 white imps (D:7)
  2 ufetubi (D:5)
  A worm (shapeshifter) (D:15)
  A dart slug (D:4)
  98 orcs
  6 endoplasms
  3 giant cockroaches
  9 goblins
  9 hobgoblins
  8 jackals
  15 kobolds
  7 quokkas
  4 ball pythons
  3 bats
  4 frilled lizards
  24 rats
766 creatures vanquished.

Vanquished Creatures (collateral kills)
  A water moccasin (D:6)
  An ice beast (D:6)
  A gnoll sergeant (D:6)
  4 gnolls (D:6)
  3 orcs (D:6)
10 creatures vanquished.

Vanquished Creatures (others)
  A fenstrider witch (Swamp:3)
  A bloated husk (Swamp:3)
  A human (D:14)
  A swamp worm (Swamp:2)
  An orc priest (Orc:2)
  4 foxfires (Swamp:3)
9 creatures vanquished.

Grand Total: 785 creatures vanquished

Notes
Turn   | Place    | Note
-------+----------+-------------------------------------------
     0 | D:1      | Colgate the Kobold Brigand began the quest for the Orb.
     0 | D:1      | Reached XP level 1. HP: 12/12 MP: 1/1
   279 | D:1      | Reached XP level 2. HP: 17/17 MP: 2/2
   705 | D:1      | Reached XP level 3. HP: 21/21 MP: 3/3
   738 | D:1      | Found a faded altar of an unknown god.
  1113 | D:1      | Reached skill level 6 in Stealth
  2185 | D:2      | Reached XP level 4. HP: 26/26 MP: 4/4
  2562 | D:3      | Reached skill level 5 in Short Blades
  2661 | D:3      | Found an ornate altar of the Wu Jian Council.
  2739 | D:3      | Became a worshipper of the Wu Jian Council
  3005 | D:3      | Identified the scarf "Uleomoeg" {+Inv, *Slow rC+ Str+7
                  | Int+2}
  3204 | D:3      | Reached * piety under Wu Jian
  3220 | D:3      | Reached XP level 5. HP: 30/30 MP: 5/5
  3414 | D:4      | Noticed an ogre
  3429 | D:4      | Killed an ogre
  3527 | D:4      | Noticed Grinder
  3529 | D:4      | Killed Grinder
  3530 | D:4      | Reached XP level 6. HP: 35/35 MP: 6/6
  3530 | D:4      | Reached XP level 7. HP: 40/40 MP: 7/7
  3852 | D:4      | Reached skill level 7 in Stealth
  4250 | D:4      | Reached ** piety under Wu Jian
  4419 | D:4      | Found a snail-covered altar of Cheibriados.
  4514 | D:4      | Noticed Pikel
  4518 | D:4      | Killed Pikel
  4519 | D:4      | Reached XP level 8. HP: 46/46 MP: 8/8
  4551 | D:4      | Found a sparkling altar of Nemelex Xobeh.
  4645 | D:5      | Entered Level 5 of the Dungeon
  4711 | D:5      | Reached skill level 8 in Stealth
  5526 | D:6      | Reached XP level 9. HP: 51/51 MP: 9/9
  5549 | D:6      | Reached skill level 10 in Short Blades
  5551 | D:6      | Reached skill level 9 in Stealth
  5805 | D:6      | Reached skill level 10 in Stealth
  5860 | D:6      | Found a staircase to the Ecumenical Temple.
  5866 | Temple   | Entered the Ecumenical Temple
  6670 | D:7      | Reached *** piety under Wu Jian
  6671 | D:7      | Reached skill level 11 in Stealth
  6712 | D:7      | Reached skill level 5 in Throwing
  6800 | D:7      | Found a hazy altar of Hepliaklqana.
  7755 | D:8      | Reached XP level 10. HP: 58/58 MP: 10/10
  7830 | D:8      | Reached skill level 5 in Fighting
  7998 | D:8      | Reached skill level 1 in Evocations
  8013 | D:8      | Noticed Psyche
  8016 | D:8      | Noticed Jeremiah
  8019 | D:8      | Noticed Erica
  8019 | D:8      | Killed Jeremiah
  8132 | D:8      | Noticed Maggie
  8135 | D:8      | Killed Maggie
  8355 | D:8      | Killed Erica
  8356 | D:8      | Reached skill level 13 in Stealth
  8417 | D:8      | Killed Psyche
  8418 | D:8      | Reached skill level 1 in Armour
  8718 | D:8      | Reached skill level 5 in Evocations
  8751 | D:9      | Reached **** piety under Wu Jian
  8837 | D:9      | Reached XP level 11. HP: 66/66 MP: 11/11
  8884 | D:9      | Found an opulent altar of Gozag.
  9063 | D:9      | Found a flagged portal.
  9069 | Bailey   | Entered a bailey
  9265 | Bailey   | Noticed an orc knight
  9267 | Bailey   | Killed an orc knight
  9269 | Bailey   | Reached skill level 14 in Stealth
  9381 | Bailey   | Reached skill level 10 in Fighting
  9381 | Bailey   | Reached skill level 16 in Stealth
  9381 | Bailey   | Reached XP level 12. HP: 78/78 MP: 12/12
  9417 | D:9      | Noticed a two-headed ogre
  9419 | D:9      | Reached ***** piety under Wu Jian
  9420 | D:9      | Killed a two-headed ogre
  9833 | D:9      | Found Cianesh's Elemental Accessories.
  9973 | D:9      | Found a burning altar of Makhleb.
 10012 | D:10     | Entered Level 10 of the Dungeon
 10114 | D:10     | Found a staircase to the Lair.
 10148 | D:10     | Found a blossoming altar of Fedhas.
 11201 | D:11     | Noticed Urug
 11300 | D:11     | Found a hide-covered altar of Uskayaw.
 11303 | D:11     | Noticed a +0 dagger
 11303 | D:11     | Noticed a +0 hand axe
 11316 | D:11     | Noticed a two-headed ogre
 11337 | D:11     | Killed a two-headed ogre
 11485 | D:11     | Urug changed into Urug the salamander
 11485 | D:11     | Noticed Urug
 11496 | D:11     | Killed Urug the salamander
 11710 | D:11     | Reached skill level 17 in Stealth
 11839 | D:11     | Noticed a vault guard
 11841 | D:11     | Killed a vault guard
 11844 | D:11     | Found a portal to a secret trove of treasure.
 12079 | D:12     | Noticed a boulder beetle
 12080 | D:12     | Killed a boulder beetle
 12105 | D:12     | Noticed a boulder beetle
 12106 | D:12     | Reached skill level 18 in Stealth
 12106 | D:12     | Killed a boulder beetle
 12134 | D:12     | Noticed a centaur warrior
 12141 | D:12     | Reached XP level 13. HP: 83/83 MP: 13/13
 12148 | D:12     | Killed a centaur warrior
 12387 | D:12     | Identified the +0 scale mail "Vosisapn" {rF- Dex+2 SInv}
 12405 | D:12     | Noticed Fannar
 12407 | D:12     | Killed Fannar
 12676 | D:12     | Noticed Rupert
 12677 | D:12     | Killed Rupert
 12678 | D:12     | Reached skill level 19 in Stealth
 12721 | D:12     | Noticed an ogre mage
 12721 | D:12     | Noticed a centaur warrior
 12722 | D:12     | Noticed a fire dragon
 12722 | D:12     | Killed an ogre mage
 12722 | D:12     | Killed a centaur warrior
 12724 | D:12     | Killed a fire dragon
 12814 | D:12     | Found a staircase to the Orcish Mines.
 13231 | D:12     | Reached skill level 10 in Evocations
 13679 | Lair:1   | Entered Level 1 of the Lair of Beasts
 13729 | Lair:1   | Noticed Nergalle
 13734 | Lair:1   | Killed Nergalle
 13863 | Lair:1   | Reached XP level 14. HP: 92/92 MP: 14/14
 14087 | Lair:1   | Identified the +0 ring mail of the Spider Nest {*Slow rN+++
                  | rCorr Dex-2}
 14127 | Lair:1   | Identified the +5 short sword "Uskiq" {flame, +Blink rN+
                  | Str-3}
 15017 | Lair:2   | Found a staircase to the Swamp.
 15017 | Lair:2   | Noticed an eleionoma
 15025 | Lair:2   | Killed an eleionoma
 15956 | Lair:3   | Found a hole to the Spider Nest.
 16007 | Lair:3   | Reached skill level 10 in Throwing
 16450 | Lair:3   | Reached ****** piety under Wu Jian
 16671 | Lair:4   | Reached skill level 20 in Stealth
 16985 | Lair:4   | Identified the +2 scale mail of Amorality {rPois rC+ Dex-3}
 17161 | Lair:4   | Reached skill level 21 in Stealth
 17456 | Lair:4   | Reached XP level 15. HP: 98/100 MP: 15/15
 17576 | Lair:4   | You fall into a shaft and drop 1 floor!
 17576 | Lair:5   | Entered Level 5 of the Lair of Beasts
 18190 | Lair:5   | Found a staircase to the Slime Pits.
 18286 | Lair:5   | Reached skill level 22 in Stealth
 20223 | Lair:5   | Identified the +0 robe "Usseemirela" {rF+++ Dex+3 SInv
                  | Stlth-}
 20914 | Orc:1    | Entered Level 1 of the Orcish Mines
 21001 | Orc:1    | Found Igheihar's Jewellery Emporium.
 21742 | Orc:2    | Entered Level 2 of the Orcish Mines
 21810 | Orc:2    | Reached skill level 23 in Stealth
 22271 | Orc:2    | Found Iklulune's Armour Shop.
 22287 | Orc:2    | Noticed Snorg
 22303 | Orc:2    | Killed Snorg
 22304 | Orc:2    | Reached skill level 1 in Shields
 22993 | Orc:2    | Found a runed translucent gate.
 22994 | Orc:2    | Found a runed translucent gate.
 22995 | Orc:2    | Found a runed translucent gate.
 23038 | Orc:2    | Found a staircase to the Elven Halls.
 23277 | Orc:2    | Noticed an orc warlord
 23282 | Orc:2    | Noticed TheSeeker391's ghost (journeyman HOFi)
 23369 | Orc:2    | Killed an orc warlord
 23370 | Orc:2    | Reached XP level 16. HP: 33/105 MP: 16/16
 23733 | Orc:2    | Found Saexkec's General Store.
 23735 | Orc:2    | Found Baitetz's Distillery.
 24633 | Orc:2    | Found Mud Rodd's Antique Armour Shop.
 24633 | Orc:2    | Found Hohulu's Book Boutique.
 24634 | Orc:2    | Reached skill level 5 in Shields
 24971 | Orc:2    | HP: 3/105 [sixfirhy[an orc high priest] (12)]
 25354 | Orc:2    | Found a one-way gate leading to the halls of Pandemonium.
 25680 | Orc:2    | Bought a runed cloak for 270 gold pieces
 25760 | Orc:2    | Found Baitetz's Distillery.
 25803 | Orc:2    | Found a staircase to the Elven Halls.
 25812 | Orc:2    | Found a runed translucent gate.
 25813 | Orc:2    | Found a runed translucent gate.
 25814 | Orc:2    | Found a runed translucent gate.
 25931 | Orc:2    | Found Iklulune's Armour Shop.
 26060 | Orc:2    | Found Mud Rodd's Antique Armour Shop.
 26060 | Orc:2    | Found Hohulu's Book Boutique.
 26061 | Orc:2    | Found a one-way gate leading to the halls of Pandemonium.
 26616 | Orc:2    | Upgraded the game from 0.31-a0-1301-g7e11add784 to
                  | 0.31-a0-1363-g282adc679d
 26709 | Orc:2    | Bought a potion of enlightenment for 75 gold pieces
 26711 | Orc:2    | Bought a scroll of torment for 123 gold pieces
 27322 | Orc:2    | Bought a tin of tremorstones (2/2) for 520 gold pieces
 27324 | Orc:2    | Bought a potion of curing for 39 gold pieces
 27324 | Orc:2    | Bought a scroll of summoning for 123 gold pieces
 27459 | Orc:2    | Killed TheSeeker391's ghost
 27668 | Orc:2    | Identified the +0 cloak of Happiness {Harm MP+9 Str+4
                  | Dex+2}
 27825 | Orc:2    | Found Iklulune's Armour Shop.
 27893 | Orc:2    | Found Baitetz's Distillery.
 27895 | Orc:2    | Found Saexkec's General Store.
 28000 | Orc:2    | Found a staircase to the Elven Halls.
 28171 | Orc:2    | Found Mud Rodd's Antique Armour Shop.
 28171 | Orc:2    | Found Hohulu's Book Boutique.
 28172 | Orc:2    | Found a one-way gate leading to the halls of Pandemonium.
 28673 | D:13     | Identified the +0 robe of Buhuassi {Will+ Regen+ Int-3
                  | Dex+2}
 28754 | D:13     | Identified the +2 helmet "Egauqadulu" {Int+4}
 29207 | D:13     | Noticed Kirke
 29219 | D:13     | Killed Kirke
 29481 | D:13     | Reached skill level 15 in Throwing
 29656 | Orc:2    | Bought a potion of degeneration for 15 gold pieces
 29657 | Orc:2    | Bought a potion of magic for 120 gold pieces
 30609 | D:14     | Noticed Josephine
 30612 | D:14     | Killed Josephine
 31179 | D:14     | Noticed Louise
 31181 | D:14     | Killed Louise
 31186 | D:14     | Reached XP level 17. HP: 99/110 MP: 17/17
 31323 | D:14     | Found a gate to the Vaults.
 31445 | D:15     | Entered Level 15 of the Dungeon
 31484 | D:15     | Found a gate leading to a gauntlet.
 31551 | Gauntlet | Entered a Gauntlet
 31551 | Gauntlet | Found a transporter.
 31604 | Gauntlet | Found a transporter.
 31609 | Gauntlet | Found a runed translucent door.
 31616 | Gauntlet | Found a transporter.
 31629 | Gauntlet | Found a transporter.
 31642 | Gauntlet | Found a transporter.
 31659 | Gauntlet | Found a transporter.
 31692 | Gauntlet | Found a runed translucent gate.
 31706 | Gauntlet | Found a runed translucent door.
 31709 | Gauntlet | Found a transporter.
 31709 | Gauntlet | Found a transporter.
 31727 | Gauntlet | Found a transporter.
 31727 | Gauntlet | Found a transporter.
 31727 | Gauntlet | Found a runed translucent gate.
 31728 | Gauntlet | Found a runed translucent gate.
 31746 | Gauntlet | Found a transporter.
 31746 | Gauntlet | Found a transporter.
 31792 | Gauntlet | Found a transporter.
 31792 | Gauntlet | Found a transporter.
 31887 | Gauntlet | Identified the +0 scale mail of Truth {rElec Dex+3}
 32059 | Gauntlet | Found the +2 hat of the Bear Spirit {Spirit, Bear, *Rage
                  | Will++}
 32065 | Gauntlet | Got the Vellum of Forces and Modification
 32497 | D:15     | Reached skill level 10 in Dodging
 32801 | D:15     | Found a staircase to the Depths.
 33356 | D:15     | Found a white marble altar of Elyvilon.
 33356 | D:15     | Found a glowing golden altar of the Shining One.
 33357 | D:15     | Found a glowing silver altar of Zin.
 34090 | Swamp:1  | Entered Level 1 of the Swamp
 34245 | Swamp:1  | Got the Volume of Contaminated Guile
 34868 | Swamp:2  | Noticed a tentacled monstrosity
 34877 | Swamp:2  | Banished a tentacled monstrosity
 34878 | Swamp:2  | Reached skill level 15 in Fighting
 36611 | Swamp:3  | Noticed a thorn hunter
 36615 | Swamp:3  | Killed from afar by a thorn hunter

Illustrated notes

Levels and vault maps discovered:
D:1:      lemuel_arrival_tunnels, layout_basic,
          dreamdust_ecumenical_altar_hidden_monk_grotto
D:2:      layout_loops_ring, minmay_domino_2
D:3:      layout_basic, nicolae_wu_jian_immortal_techniques, minmay_rat_hole
D:4:      layout_loops_ring, nemelex_diamond_rough_becter,
          kennysheep_slug_shrine, uniq_pikel, uniq_grinder
D:5:      layout_basic, dk_noncrumbling_4
D:6:      layout_rooms, minmay_temple_entry_glass
D:7:      layout_gridville, mainiacjoe_overflow_concentric_impassable
D:8:      layout_rooms, chequers_serial_rivers_marsh, uniq_erica, uniq_psyche,
          uniq_maggie, uniq_jeremiah
D:9:      layout_loops_ring, mainiacjoe_overflow_surrounded_room,
          overflow_temple_1_default, enter_bailey_2, nicolae_elemental_shop
D:10:     layout_long_grid, fedhas_altar_3, lair_entry_dummy,
          nicolae_eternal_life
D:11:     layout_cross, enter_trove_5, dancing_weapons_uskayaw, uniq_urug
D:12:     minmay_crescents, layout_irregular_city, david_orc_5, uniq_fannar,
          uniq_rupert
D:13:     layout_cave_pools, serial_column_ruins, column_ruins_hut,
          column_ruins_grid_3, column_ruins_grid_4, column_ruins_grid_1,
          column_ruins_open_tiny, column_ruins_open_medium,
          column_ruins_corridor_plus, column_ruins_columns_straight,
          chequers_garden, uniq_kirke
D:14:     layout_loops_ring, ximxim_vaults_locker_room, kennysheep_boxes,
          uniq_josephine, uniq_louise
D:15:     gammafunk_depths_entry_grave, layout_gridville,
          gauntlet_entry_generic, good_gods_mini_temple
Temple:   nicolae_temple_bog_church
Lair:1:   layout_roguey, uniq_nergalle
Lair:2:   layout_cave_pods, alex1729_swamp_entry_worm_eleionoma, st_stairs_10
Lair:3:   layout_long_grid, spider_nest_entry_rubble, lemuel_fruit_tree,
          grunt_megastairs_1
Lair:4:   layout_cave_pods
Lair:5:   wormcave, layout_loops_ring, hangedman_lair_caniforms_friends,
          minmay_slime_entry_jelly_boxes, minivault_19
Swamp:1:  layout_basic_swamp, nicolae_swamp_well_well_well
Swamp:2:  layout_falls_marsh, hangedman_swamp_blocks,
          nicolae_swamp_decorative_isthmus
Swamp:3:  layout_basic_swamp, hangedman_swamp_ruin_wall, swamp_pool_1_2
Orc:1:    layout_diamond_mine, serial_shops, nicolae_shop_trees, basic_altar
Orc:2:    pf_orc_diabolical, layout_diamond_mine, serial_shops,
          nicolae_shop_advertising_works [nicolae_subvault_shop_adworks],
          gammafunk_ghost_split, uniq_snorg

Skill      XL: |  1  2  3  4  5  6  7  8  9 10 11 12 13 14 15 16 17 |
---------------+----------------------------------------------------+-----
Short Blades   | 3 4 5 8 10 | 10.0
Stealth        | 6 7 8 11 13 16 18 19 21 23 | 23.0
Fighting       | 3 4 6 10 12 13 15 | 15.7
Dodging        | 6 7 8 9 11 | 11.0
Throwing       | 4 6 8 10 13 17 19 | 19.0
Evocations     | 5 6 10 | 10.0
Armour         | 2 |  2.2
Shields        | 2 5 |  5.7

Action                     |  1- 3 |  4- 6 |  7- 9 | 10-12 | 13-15 | 16-18 || total
---------------------------+-------+-------+-------+-------+-------+-------++-------
  Melee: Dagger            |    80 |    96 |   256 |   326 |  1198 |   799 ||  2755
         Punch             |       |     1 |     2 |     4 |    22 |       ||    29
  Throw: Dart              |       |     4 |    21 |    18 |    64 |    14 ||   121
         Throwing net      |       |       |     1 |     2 |       |       ||     3
         Boomerang         |       |       |       |       |     8 |    26 ||    34
 Invoke: Serpent's Lash    |       |       |       |     3 |     4 |     4 ||    11
         Heavenly Storm    |       |       |       |       |       |     2 ||     2
Ability: Lunge             |       |    15 |    33 |    73 |   135 |    96 ||   352
         Wall Jump         |       |       |    23 |    25 |    70 |    36 ||   154
         Whirlwind         |       |       |     8 |     8 |   166 |    89 ||   271
  Evoke: Wand              |       |       |       |     3 |     3 |       ||     6
         Tin of tremorston |       |       |       |       |       |     2 ||     2
    Use: Scroll            |     1 |     5 |     4 |     4 |     4 |    14 ||    32
         Potion            |       |       |       |     1 |       |     4 ||     5
   Stab: Sleeping          |    18 |    15 |    39 |    50 |    91 |    67 ||   280
         Distracted        |       |     1 |     2 |     9 |    18 |    20 ||    50
         Held in net/web   |       |       |     1 |       |       |       ||     1
 Armour: Robe              |    26 |    17 |    59 |    14 |       |       ||   116
         Acid dragon scale |       |       |       |    46 |   201 |   208 ||   455
  Dodge: Dodged            |    36 |    30 |    71 |   133 |   397 |   316 ||   983
  Block: Buckler           |       |       |       |       |    10 |   113 ||   123

Table legend: (Time is in decaauts)
 A = Elapsed time spent in this place.
 B = Non-inter-level travel time spent in this place.
 C = Inter-level travel time spent in this place.
 D = Time resting spent in this place.
 E = Time spent auto-exploring this place.
 F = Levels seen in this place.
 G = Mean time per level.
                   A        B        C        D        E       F      G
               +--------+--------+--------+--------+--------+-----+--------+
         Total |  36246 |  32313 |   3933 |   1229 |  25393 |  28 | 1294.5 |
       Dungeon |  18817 |  16666 |   2151 |    326 |  13531 |  15 | 1254.5 |
        Temple |      1 |      1 |      0 |      0 |      0 |   1 |    1.0 |
          Lair |   7379 |   6563 |    816 |    276 |   5236 |   5 | 1475.8 |
         Swamp |   2219 |   2114 |    105 |      0 |   1791 |   3 |  739.7 |
  Orcish Mines |   6911 |   6051 |    860 |    542 |   4465 |   2 | 3455.5 |
        Bailey |    319 |    319 |      0 |     28 |    127 |   1 |  319.0 |
      Gauntlet |    596 |    596 |      0 |     55 |    242 |   1 |  596.0 |
               +--------+--------+--------+--------+--------+-----+--------+

Top non-repeatable levels by time:
   Orc:2: 5349 daAuts
  Lair:5: 2601 daAuts
    D:12: 1886 daAuts
    D:13: 1813 daAuts
    D:10: 1633 daAuts
   Orc:1: 1562 daAuts
     D:1: 1528 daAuts
    D:14: 1517 daAuts
     D:7: 1464 daAuts
  Lair:4: 1374 daAuts
 Swamp:2: 1276 daAuts
    D:15: 1250 daAuts
     D:4: 1214 daAuts
  Lair:2: 1165 daAuts
  Lair:1: 1133 daAuts
